 Dungeon Crawl Stone Soup version 0.21.1-1-g345015f (webtiles) character file.

254 sexinstructor the Changer (level 5, 0/38 HPs)
             Began as a Demonspawn Transmuter on Mar 9, 2018.
             Was an Initiate of Makhleb.
             Slain by a worker ant (2 damage)
             ... on level 5 of the Dungeon on Mar 10, 2018.
             The game lasted 00:41:44 (5362 turns).

sexinstructor the Changer (Demonspawn Transmuter)   Turns: 5362, Time: 00:41:44

Health: 0/38       AC:  3    Str: 16    XL:     5   Next: 91%
Magic:  5/9        EV: 13    Int: 15    God:    Makhleb [......]
Gold:   135        SH:  0    Dex: 13    Spells: 0/10 levels left

rFire    . . .     SeeInvis .   h - +0 dagger
rCold    . . .     Gourm    .   (no shield)
rNeg     . . .     Faith    .   b - +0 robe
rPois    .         Spirit   .   (no helmet)
rElec    .         Reflect  .   (no cloak)
rCorr    .         Harm     .   (no gloves)
MR       .....                  (boots currently unavailable)
Stlth    ++........             (no amulet)
HPRegen  0.12/turn              u - ring of wizardry
MPRegen  0.11/turn              l - +5 ring of strength

@: lethally poisoned (0 -> -1), appendage, flying
A: talons 3, rugged brown scales 1, nightstalker 1
a: End Transformation, Renounce Religion


You were on level 5 of the Dungeon.
You worshipped Makhleb.
Makhleb was noncommittal.
You were not hungry.
You had grown temporary talons.
You visited 2 branches of the dungeon, and saw 6 of its levels.

You collected 135 gold pieces.

Inventory:

Hand Weapons
 h - a +0 dagger (weapon)
 o - a +1 hand axe of electrocution
Missiles
 a - 50 arrows
Armour
 b - a +0 robe (worn)
 w - a +0 chain mail
Jewellery
 l - a +5 ring of strength (right hand)
 u - a ring of wizardry (left hand)
Scrolls
 f - a scroll of blinking {unknown}
 j - a scroll of identify
 k - a scroll of immolation {unknown}
 m - a scroll of fog {unknown}
 n - a scroll of random uselessness {unknown}
 p - a scroll of remove curse
 r - 2 scrolls of teleportation
 s - a scroll of enchant armour {unknown}
 v - a scroll of fear {unknown}
Potions
 e - a potion of brilliance
 g - 3 potions of flight
 i - 2 potions of curing {unknown}
 q - a potion of berserk rage
 t - a potion of might {unknown}
 x - a potion of heal wounds {unknown}
Books
 c - a book of Changes

   Spells                             Type                      Level
   a - Beastly Appendage              Transmutation                1
   b - Sticks to Snakes               Transmutation                2
   c - Spider Form                    Transmutation/Poison         3
   d - Ice Form                       Ice/Transmutation            4
   e - Blade Hands                    Transmutation                5
Comestibles
 d - 5 rations


   Skills:
 - Level 1.0 Fighting
 - Level 2.7 Short Blades
 - Level 2.4 Dodging
 * Level 2.9 Unarmed Combat
 * Level 3.2 Spellcasting
 * Level 3.3 Transmutations
 * Level 0.3 Poison Magic


You couldn't memorise any spells.
You knew the following spells:

 Your Spells              Type           Power        Failure   Level  Hunger
a - Beastly Appendage     Tmut           ##....       1%          1    #......
b - Sticks to Snakes      Tmut           ##......     3%          2    ##.....
c - Spider Form           Tmut/Pois      #.........   12%         3    ###....
d - Ice Form              Ice/Tmut       #.......     36%         4    #####..


Dungeon Overview and Level Annotations

Branches:
Dungeon (5/15)             Temple (1/1) D:4

Altars:
Ashenzari
Dithmenos
Fedhas
Gozag
Kikubaaqudgha
Makhleb
Qazlal
Ru
Sif Muna
Trog
Uskayaw
Vehumet
Wu Jian
Xom
Yredelemnul
Zin
The Shining One

Annotations:
D:3 dscm's ghost, weakling DsFi
D:4 Dowan; Duvessa


Innate Abilities, Weirdness & Mutations

You are partially covered in rugged brown scales. (AC +1, +3% HP)
You are slightly more attuned to the shadows.
You have claws for feet.


Message History

You climb downwards.
Found 10 gold pieces.
There is a stone staircase leading up here.
You barely miss the worker ant. You claw the worker ant.
The worker ant is severely wounded.
You feel sick. The worker ant barely misses you.
You hit the worker ant.
The worker ant is severely wounded.
The worker ant bites you.
* * * LOW HITPOINT WARNING * * *
You barely miss the worker ant.
The worker ant is severely wounded.
The worker ant bites you.
* * * LOW HITPOINT WARNING * * *
It was a potion of flight.
You feel very buoyant.
You fly up into the air.
* * * LOW HITPOINT WARNING * * *
You feel sick. The worker ant bites you.
You die...

...
#$#
..#
#.#
#.#
#a#
#@#
#.#
#..
####


You could see a worker ant.

Vanquished Creatures
  An ogre (D:4)
  A hound (D:4)
  An orc wizard (D:4)
  4 adders
  2 oozes
  A worm (D:3)
  2 dart slugs
  A leopard gecko (D:2)
  2 orcs (D:4)
  8 bats
  6 giant cockroaches
  6 goblins
  6 hobgoblins
  A quokka (D:2)
  3 frilled lizards
  2 kobolds (D:1)
  A leopard gecko skeleton (D:4)
  9 rats
57 creatures vanquished.

Vanquished Creatures (collateral kills)
  A dart slug (D:3)
  An orc (D:3)
  A goblin (D:2)
  A bat (D:1)
4 creatures vanquished.

Grand Total: 61 creatures vanquished

Notes
Turn   | Place    | Note
-------+----------+-------------------------------------------
     0 | D:1      | sexinstructor the Demonspawn Transmuter began the quest for the Orb.
     0 | D:1      | Reached XP level 1. HP: 15/15 MP: 3/3
   346 | D:1      | Gained mutation: You are partially covered in rugged brown scales. (AC +1, +3% HP) [demonic ancestry]
   346 | D:1      | Reached XP level 2. HP: 11/21 MP: 5/5
   528 | D:1      | Learned a level 2 spell: Sticks to Snakes
   860 | D:1      | Reached skill level 1 in Short Blades
  1352 | D:2      | Reached XP level 3. HP: 9/26 MP: 3/6
  1566 | D:2      | Learned a level 3 spell: Spider Form
  3182 | D:3      | Gained mutation: You are slightly more attuned to the shadows. [demonic ancestry]
  3182 | D:3      | Reached XP level 4. HP: 10/32 MP: 4/7
  3939 | D:3      | Noticed dscm's ghost (weakling DsFi)
  4813 | D:4      | Found a staircase to the Ecumenical Temple.
  4821 | Temple   | Entered the Ecumenical Temple
  4995 | Temple   | Became a worshipper of Makhleb the Destroyer
  5009 | D:4      | Noticed an ogre
  5041 | D:4      | Killed an ogre
  5041 | D:4      | Reached XP level 5. HP: 38/38 MP: 2/9
  5059 | D:4      | Noticed a phantom
  5113 | D:3      | Learned a level 4 spell: Ice Form
  5269 | D:4      | Noticed Dowan
  5269 | D:4      | Noticed an ogre
  5269 | D:4      | Found a bloodstained altar of Trog.
  5271 | D:4      | Noticed Duvessa
  5271 | D:4      | Noticed an orc warrior
  5358 | D:5      | Entered Level 5 of the Dungeon
  5362 | D:5      | Slain by a worker ant

Skill      XL: |  1  2  3  4 |
---------------+-------------+-----
Transmutations | 2 3 |  3.3
Dodging        | 2 |  2.4
Short Blades   | 1 2 |  2.7
Spellcasting   | 3 |  3.2
Fighting       | |  1.0
Unarmed Combat | |  2.9
Poison Magic   | |  0.3

Action                   |  1- 3 |  4- 6 || total
-------------------------+-------+-------++-------
Melee: Dagger            |   221 |    82 ||   303
       Unarmed           |     8 |    24 ||    32
       Kick              |     5 |     4 ||     9
       Punch             |     2 |     1 ||     3
       Headbutt          |     7 |     2 ||     9
 Cast: Beastly Appendage |    10 |     5 ||    15
       Sticks to Snakes  |     4 |     7 ||    11
       Spider Form       |       |     5 ||     5
  Use: Scroll            |       |     5 ||     5
       Potion            |       |     1 ||     1
 Stab: Sleeping          |     2 |     2 ||     4
  Eat: Chunk             |     8 |     3 ||    11
       Ration            |       |     2 ||     2
Armor: Robe              |    73 |     8 ||    81
Dodge: Dodged            |   183 |    81 ||   264
